 Dungeon Crawl Stone Soup version 0.29-a0-323-g050149af67 (webtiles) character file.

Game seed: 4856450345929639180

114 Jortsu the Covert (level 4, 0/23 HPs)
             Began as a Spriggan Brigand on Apr 10, 2022.
             Was a Plaything of Xom.
             Slain by an iguana (13 damage)
             ... on level 6 of the Dungeon.
             The game lasted 00:04:49 (2536 turns).

Jortsu the Covert (Spriggan Brigand)                Turns: 2536, Time: 00:04:50

Health: 0/23       AC:  3    Str:  9    XL:     4   Next: 67%
Magic:  5/5        EV: 17    Int: 12    God:    Xom [...*..]
Gold:   166        SH:  0    Dex: 16    Spells: 3/3 levels left

rFire   . . .      SeeInvis +   a - +3 dagger
rCold   . . .      Faith    .   (no shield)
rNeg    . . .      Spirit   .   b - +0 robe
rPois   .          Reflect  .   (helmet restricted)
rElec   .          Harm     .   l - +0 cloak {Stlth+}
rCorr   .          Rampage  .   (gloves unavailable)
Will    .....                   (boots unavailable)
Stlth   +++++.....              (no amulet)
HPRegen 0.07/turn               h - +4 ring of slaying
MPRegen 0.09/turn               (no ring)

@: very quick
A: very small, no large weapons, unfitting armour, see invisible, speed 3
a: Renounce Religion


You were on level 6 of the Dungeon.
You worshipped Xom.
You were a favourite toy of Xom.
You visited 1 branch of the dungeon, and saw 5 of its levels.

You collected 166 gold pieces.

Inventory:

Hand Weapons
 a - a +3 dagger (weapon)
Missiles
 d - 11 poisoned darts (quivered)
 e - 3 curare-tipped darts
Armour
 b - a +0 robe (worn)
 c - a +0 cloak
 l - a +0 cloak of stealth (worn)
Jewellery
 h - a +4 ring of slaying (left hand)
Scrolls
 j - a scroll of teleportation
 k - a scroll of fear
Potions
 f - a potion of curing {unknown}
 g - a potion of flight
 i - a potion of heal wounds
 m - a potion of ambrosia
 o - a potion of lignification
 p - a potion of attraction {unknown}
 r - 2 potions of haste {unknown}
 s - a potion of mutation {unknown}


   Skills:
 + Level 1.9 Fighting
 + Level 3.2 Short Blades
 + Level 2.0 Throwing
 + Level 2.0 Dodging
 + Level 8.1 Stealth


You had 3 spell levels left.
You didn't know any spells.
Your spell library was empty.

Dungeon Overview and Level Annotations

Branches:
Dungeon (6/15)
 Temple: D:4-7

Altars:
Okawaru
Xom


Innate Abilities, Weirdness & Mutations

You are very small and have problems with some larger weapons.
You are too small for most types of armour.
You have supernaturally acute eyesight. (SInv)
You cover ground extremely quickly. (Speed+++)


Message History

h - a +4 ring of slaying
h - a +4 ring of slaying (left hand)
An ufetubus comes into view.
An ogre and an adder come into view.
Found a ring mail.
The adder hisses angrily.
The ogre moves out of view.
An iguana comes into view.
Found 19 stones and a scroll of fear.
The ufetubus completely misses you.
The ufetubus hits you but does no damage.
You puncture the ufetubus!
You kill the ufetubus!
Your Stealth skill increases to level 8!
You hit the adder. Your punch misses the adder.
The adder is heavily wounded.
The adder misses you.
You barely miss the adder.
The adder is heavily wounded.
The adder bites you.
You closely miss the adder.
The adder is heavily wounded.
The adder closely misses you.
You puncture the adder!
You kill the adder!
You barely miss the iguana.
The iguana hisses angrily.
The iguana barely misses you.
You barely miss the iguana. The iguana bites you.
You barely miss the iguana. The iguana completely misses you.
You closely miss the iguana. The iguana closely misses you.
You hit the iguana but do no damage. You hit the iguana.
The iguana is moderately wounded.
The iguana bites you.
You hit the iguana but do no damage.
The iguana is moderately wounded.
The iguana bites you!
Ouch! That really hurt!
You die...

################### .#.. #.
#.................# ... ...
#......<..........# ...#...
#.................# ..#...
#.................# .#[..#?
#.................##..#...#
#.........@l.........S.#..l
##################.........
#...#..O#. #....#.h.#
#.....# .( #....#..
#...#...# #.........
..........


You could see an iguana.

Vanquished Creatures
  6 adders
  An ufetubus (D:6)
  A worm (D:2)
  A dart slug (D:1)
  2 bats (D:1)
  7 endoplasms
  2 giant cockroaches
  7 goblins
  A hobgoblin (D:1)
  7 ball pythons
  8 frilled lizards
  5 kobolds
  5 rats
53 creatures vanquished.

Vanquished Creatures (others)
  2 fungi (D:1)
  6 plants (D:1)
8 creatures vanquished.

Grand Total: 61 creatures vanquished

Notes
Turn   | Place    | Note
-------+----------+-------------------------------------------
     0 | D:1      | Jortsu the Spriggan Brigand began the quest for the Orb.
     0 | D:1      | Reached XP level 1. HP: 10/10 MP: 2/2
    76 | D:1      | Reached skill level 6 in Stealth
   168 | D:1      | Reached XP level 2. HP: 7/14 MP: 3/3
   644 | D:1      | Found a faded altar of an unknown god.
   677 | D:1      | Prayed at the altar of an unknown god.
   677 | D:1      | Became a worshipper of Xom of Malevolent Giggling
   711 | D:1      | XOM: silly message
  1008 | D:1      | XOM: divination: detect creatures
  1011 | D:1      | Reached XP level 3. HP: 10/18 MP: 4/4
  1130 | D:1      | XOM: divination: magic mapping
  1225 | D:2      | Reached skill level 7 in Stealth
  1410 | D:2      | XOM: silly message
  1469 | D:2      | XOM: 1-stop teleportation journey
  1626 | D:2      | XOM: torment (9/18 hp)
  1822 | D:2      | Found an iron altar of Okawaru.
  1955 | D:2      | Reached XP level 4. HP: 23/23 MP: 5/5
  2310 | D:2      | XOM: god gift: +0 cloak of stealth
  2468 | D:3      | You fall into a shaft and drop 3 floors!
  2475 | D:5      | Entered Level 5 of the Dungeon
  2475 | D:5      | Noticed a rust devil
  2475 | D:5      | Noticed an orc warrior
  2475 | D:5      | Noticed a rust devil
  2475 | D:5      | Noticed an orc warrior
  2495 | D:6      | Noticed an ogre
  2519 | D:6      | Reached skill level 8 in Stealth
  2536 | D:6      | Slain by an iguana

Illustrated notes

Levels and vault maps discovered:
D:1:      minmay_arrival_widening_spiral_wide, layout_loops_ring,
          shapermc_ecumenical_altar_mp_urbaneastern
D:2:      layout_basic, basic_altar
D:3:      layout_basic, nicolae_overflow_hidden_temple, grunt_ministairs_13,
          hex_intersection, uniq_grinder
D:5:      cheibrodos_iron_armory, layout_basic, cheibrodos_worm_habitat
D:6:      cheibrodos_fzero, layout_gridville, minmay_temple_entry_glassed_door,
          corexii_item_surrounded_by_moat, nicolae_specific_store,
          uniq_eustachio

Skill      XL: |  1  2  3  4 |
---------------+-------------+-----
Stealth        | 6 7 8 |  8.1
Short Blades   | 3 |  3.2
Dodging        | 2 |  2.0
Fighting       | |  1.9
Throwing       | |  2.0

Action                   |  1- 3 |  4- 6 || total
-------------------------+-------+-------++-------
Melee: Dagger            |   105 |    32 ||   137
       Punch             |     3 |       ||     3
  Use: Scroll            |     8 |     2 ||    10
 Stab: Sleeping          |    14 |     4 ||    18
Armor: Robe              |     8 |     2 ||    10
Dodge: Dodged            |    46 |    15 ||    61

Table legend: (Time is in decaauts)
 A = Elapsed time spent in this place.
 B = Non-inter-level travel time spent in this place.
 C = Inter-level travel time spent in this place.
 D = Time resting spent in this place.
 E = Time spent auto-exploring this place.
 F = Levels seen in this place.
 G = Mean time per level.
                   A        B        C        D        E       F      G
               +--------+--------+--------+--------+--------+-----+--------+
         Total |   1982 |   1947 |     35 |    412 |   1092 |   5 |  396.4 |
       Dungeon |   1982 |   1947 |     35 |    412 |   1092 |   5 |  396.4 |
               +--------+--------+--------+--------+--------+-----+--------+

Top non-repeatable levels by time:
     D:1: 951 daAuts
     D:2: 949 daAuts
     D:6: 42 daAuts
     D:3: 35 daAuts
     D:5: 4 daAuts
